[ AOE2 MATCH · #482052429 ]
UnrankedVikings vs Burmese
Player's team · WIN
[ REPLAY ANALYSIS · EXTRACTED FROM THE RECORDED GAME ]
Feudal
—
Castle
—
Imperial
—
| APM avg | 40.0 |
| APM peak | 76 |
| eAPM avg | 24.0 |
| Villagers / military | 0 / 329 |
Focus
⚔️ 97.9% · 🌾 2.1%
Archer ×259 · Knight ×70
Feudal
—
Castle
—
Imperial
—
| APM avg | 38.4 |
| APM peak | 52 |
| eAPM avg | 26.1 |
| Villagers / military | 0 / 0 |
Focus
⚔️ 100.0% · 🌾 0.0%
Feudal
—
Castle
—
Imperial
—
| APM avg | 28.3 |
| APM peak | 44 |
| eAPM avg | 21.6 |
| Villagers / military | 0 / 379 |
Focus
⚔️ 98.2% · 🌾 1.8%
Knight ×379
Feudal
—
Castle
—
Imperial
—
| APM avg | 24.6 |
| APM peak | 54 |
| eAPM avg | 14.9 |
| Villagers / military | 0 / 140 |
Focus
⚔️ 84.4% · 🌾 15.6%
Knight ×140
Feudal
—
Castle
—
Imperial
—
| APM avg | 29.0 |
| APM peak | 61 |
| eAPM avg | 7.8 |
| Villagers / military | 0 / 0 |
Focus
⚔️ 100.0% · 🌾 0.0%
Feudal
—
Castle
—
Imperial
—
| APM avg | 12.5 |
| APM peak | 33 |
| eAPM avg | 7.9 |
| Villagers / military | 0 / 0 |
Focus
⚔️ 94.4% · 🌾 5.6%
Feudal
—
Castle
—
Imperial
—
| APM avg | 29.7 |
| APM peak | 98 |
| eAPM avg | 7.6 |
| Villagers / military | 0 / 0 |
Focus
⚔️ 100.0% · 🌾 0.0%
Feudal
—
Castle
—
Imperial
—
| APM avg | 24.4 |
| APM peak | 41 |
| eAPM avg | 12.3 |
| Villagers / military | 0 / 120 |
Focus
⚔️ 87.8% · 🌾 12.2%
Spearman ×95 · Archer ×25
Match map
Initial resources + every placement click. Lines = walls · curves = elevation contours. ◆ gold · ⬟ stone · ● berries · ✦ relic · ◌ wall gap
Your base· ✓ Map-separated
[VCry]Cas_Col's base· Open
[VCry]®NAVI_'s base· Open
XEVER | Peinatequevengo's base· Open
Hugo Meche's base· ✓ Map-separated
k.N.D#7.0's base· Open
EncisoMx's base· Open
12345's base· Open
Smoothed initial terrain · ◌ = detected wall gap · hover for details
Inputs per minute
— [M8]Iggles - - [VCry]Cas_Col
Build order — [M8]Iggles
135 actions detected in the replay
| 4:07 | Build | Archery Range |
| 4:08 | Build | Archery Range |
| 4:09 | Build | Archery Range |
| 4:10 | Build | Archery Range |
| 4:14 | Build | Barracks |
| 4:18 | Build | Archery Range |
| 4:19 | Build | Archery Range |
| 4:21 | Build | Archery Range |
| 4:22 | Build | Archery Range |
| 5:26 | Research | Crossbowman (upgrade) |
| 5:26 | Research | Crossbowman (upgrade) |
| 5:27 | Create | Archer ×5 |
| 5:28 | Create | Archer ×5 |
| 5:28 | Create | Archer |
| 5:29 | Create | Archer ×5 |
| 5:29 | Create | Archer ×5 |
| 5:29 | Create | Archer ×5 |
| 5:31 | Research | Iron Casting |
| 5:33 | Research | Chain Mail Armor |
| 5:33 | Research | Bodkin Arrow |
| 5:34 | Research | Leather Archer Armor |
| 5:35 | Research | Chain Barding Armor |
| 5:37 | Research | Ballistics |
| 5:38 | Research | Treadmill Crane |
| 5:39 | Research | Guard Tower (upgrade) |
| 5:39 | Research | Tech 909 |
| 6:54 | Build | Archery Range |
| 6:55 | Build | Archery Range |
| 6:56 | Build | Archery Range |
| 6:57 | Build | Archery Range |
| 7:01 | Create | Archer ×5 |
| 7:01 | Create | Archer ×5 |
| 7:01 | Create | Archer ×5 |
| 7:02 | Create | Archer |
| 7:02 | Create | Archer ×5 |
| 7:02 | Create | Archer ×5 |
| 7:11 | Research | Arson |
| 7:12 | Research | Gambesons |
| 7:13 | Research | Pikeman (upgrade) |
| 7:13 | Research | Long Swordsman (upgrade) |
| 7:27 | Create | Archer ×5 |
| 7:28 | Create | Archer ×5 |
| 7:28 | Create | Archer ×5 |
| 7:29 | Create | Archer ×5 |
| 7:29 | Create | Archer ×5 |
| 7:35 | Build | Archery Range |
| 7:36 | Build | Archery Range |
| 7:37 | Build | Archery Range |
| 7:39 | Build | Archery Range |
| 7:40 | Build | Archery Range |
| 9:24 | Create | Archer ×5 |
| 9:24 | Create | Archer ×5 |
| 9:25 | Create | Archer |
| 9:25 | Create | Archer ×5 |
| 9:25 | Create | Archer ×5 |
| 9:25 | Create | Archer ×5 |
| 9:26 | Create | Archer ×5 |
| 10:04 | Build | Archery Range |
| 10:06 | Build | Archery Range |
| 10:09 | Build | Archery Range |
| 12:23 | Build | Archery Range |
| 12:25 | Build | Archery Range |
| 12:27 | Build | Archery Range |
| 12:28 | Build | Archery Range |
| 12:30 | Build | Archery Range |
| 12:31 | Build | Archery Range |
| 12:33 | Build | Archery Range |
| 12:34 | Build | Archery Range |
| 12:48 | Create | Archer ×5 |
| 12:48 | Create | Archer ×5 |
| 12:49 | Create | Archer ×5 |
| 12:49 | Create | Archer ×5 |
| 12:49 | Create | Archer ×5 |
| 12:50 | Create | Archer ×5 |
| 12:50 | Create | Archer ×5 |
| 12:50 | Create | Archer ×5 |
| 12:51 | Create | Archer ×5 |
| 12:56 | Build | Stable |
| 12:57 | Build | Stable |
| 12:58 | Build | Stable |
| 12:59 | Build | Stable |
| 13:00 | Build | Stable |
| 13:01 | Build | Stable |
| 13:02 | Build | Stable |
| 13:03 | Build | Stable |
| 13:09 | Build | Watch Tower |
| 13:24 | Create | Archer ×5 |
| 13:24 | Create | Archer ×5 |
| 13:25 | Create | Archer |
| 13:25 | Create | Archer ×5 |
| 13:25 | Create | Archer ×5 |
| 13:26 | Create | Archer ×5 |
| 13:26 | Create | Archer ×5 |
| 14:19 | Create | Archer ×5 |
| 14:19 | Create | Archer ×5 |
| 14:20 | Create | Archer ×5 |
| 14:20 | Create | Archer ×5 |
| 14:20 | Create | Archer ×5 |
| 14:21 | Create | Archer ×5 |
| 14:21 | Create | Archer ×5 |
| 14:22 | Create | Archer ×5 |
| 14:22 | Create | Archer ×5 |
| 14:22 | Create | Archer ×5 |
| 14:22 | Create | Archer ×5 |
| 14:23 | Create | Archer ×5 |
| 14:23 | Create | Archer ×5 |
| 14:23 | Create | Archer ×5 |
| 14:23 | Create | Archer ×5 |
| 14:49 | Create | Knight ×5 |
| 14:50 | Create | Knight ×5 |
| 14:50 | Create | Knight ×5 |
| 14:50 | Create | Knight ×5 |
| 14:51 | Create | Knight |
| 14:51 | Create | Knight ×5 |
| 14:51 | Create | Knight ×5 |
| 14:51 | Create | Knight ×5 |
| 14:52 | Create | Knight ×5 |
| 14:52 | Create | Knight ×5 |
| 14:52 | Create | Knight ×5 |
| 14:52 | Create | Knight ×5 |
| 14:53 | Create | Knight ×5 |
| 14:53 | Create | Knight ×5 |
| 14:53 | Create | Knight ×4 |
| 15:01 | Build | Stable |
| 15:02 | Build | Stable |
| 15:03 | Build | Stable |
| 15:04 | Build | Stable |
| 15:05 | Build | Stable |
| 15:06 | Build | Stable |
| 15:08 | Build | Stable |
| 15:09 | Build | Stable |
| 15:10 | Build | Stable |
| 15:12 | Build | Stable |
| 15:13 | Build | Stable |
| 15:14 | Build | Stable |
Build order — [VCry]Cas_Col
20 actions detected in the replay
| 11:44 | Build | Stable |
| 11:46 | Build | Stable |
| 12:54 | Build | Stable |
| 12:54 | Build | Stable |
| 12:56 | Build | Stable |
| 12:57 | Build | Stable |
| 12:58 | Build | Stable |
| 13:02 | Build | Stable |
| 13:03 | Build | Stable |
| 13:40 | Build | Stable |
| 13:42 | Build | Stable |
| 13:46 | Build | Stable |
| 13:49 | Build | Stable |
| 13:50 | Build | Stable |
| 13:51 | Build | Stable |
| 13:52 | Build | Stable |
| 13:53 | Build | Stable |
| 13:55 | Build | Stable |
| 13:56 | Build | Stable |
| 13:58 | Build | Stable |
Build order — [VCry]®NAVI_
130 actions detected in the replay
| 7:02 | Build | Stable |
| 7:03 | Build | Stable |
| 7:04 | Build | Stable |
| 7:13 | Build | Stable |
| 7:15 | Build | Stable |
| 7:18 | Build | Stable |
| 7:20 | Build | Stable |
| 7:21 | Build | Stable |
| 7:24 | Build | Stable |
| 7:30 | Build | Archery Range |
| 7:31 | Build | Archery Range |
| 7:33 | Build | Archery Range |
| 7:35 | Build | Archery Range |
| 7:36 | Build | Archery Range |
| 8:52 | Build | Stable |
| 9:00 | Build | Stable |
| 9:04 | Build | Stable |
| 9:06 | Build | Stable |
| 9:39 | Research | Husbandry |
| 9:48 | Research | Chain Barding Armor |
| 9:48 | Research | Iron Casting |
| 9:52 | Research | Treadmill Crane |
| 9:53 | Research | Ballistics |
| 9:54 | Research | Guard Tower (upgrade) |
| 9:55 | Research | Tech 909 |
| 9:56 | Research | Tech 908 |
| 9:57 | Research | Careening |
| 10:01 | Research | Greek Fire |
| 10:40 | Create | Knight ×5 |
| 10:40 | Create | Knight ×5 |
| 10:40 | Create | Knight ×5 |
| 10:41 | Create | Knight ×5 |
| 10:41 | Create | Knight ×5 |
| 10:41 | Create | Knight ×5 |
| 10:41 | Create | Knight ×5 |
| 10:41 | Create | Knight ×5 |
| 10:42 | Create | Knight ×5 |
| 10:42 | Create | Knight ×5 |
| 10:42 | Create | Knight ×5 |
| 10:42 | Create | Knight ×5 |
| 10:43 | Create | Knight ×5 |
| 10:43 | Create | Knight ×5 |
| 10:43 | Create | Knight ×5 |
| 10:44 | Create | Knight ×5 |
| 10:44 | Create | Knight ×5 |
| 10:44 | Create | Knight ×5 |
| 10:44 | Create | Knight ×5 |
| 10:45 | Create | Knight ×5 |
| 10:45 | Create | Knight ×5 |
| 11:22 | Build | Stable |
| 11:25 | Build | Stable |
| 11:28 | Build | Stable |
| 11:30 | Build | Stable |
| 11:33 | Build | Stable |
| 11:35 | Build | Stable |
| 11:37 | Build | Stable |
| 11:39 | Build | Stable |
| 11:42 | Build | Stable |
| 11:45 | Build | Stable |
| 11:47 | Build | Stable |
| 11:50 | Build | Stable |
| 11:54 | Build | Stable |
| 11:57 | Build | Stable |
| 11:59 | Build | Stable |
| 12:19 | Build | Stable |
| 12:22 | Build | Stable |
| 12:24 | Build | Stable |
| 12:26 | Build | Stable |
| 12:29 | Build | Stable |
| 12:34 | Build | Stable |
| 12:36 | Build | Stable |
| 12:39 | Build | Stable |
| 12:41 | Build | Stable |
| 12:51 | Build | Stable |
| 13:22 | Create | Knight ×5 |
| 13:23 | Create | Knight ×5 |
| 13:23 | Create | Knight ×5 |
| 13:23 | Create | Knight ×5 |
| 13:23 | Create | Knight ×5 |
| 13:24 | Create | Knight ×5 |
| 13:24 | Create | Knight ×5 |
| 13:24 | Create | Knight ×5 |
| 13:24 | Create | Knight ×5 |
| 13:25 | Create | Knight ×5 |
| 13:25 | Create | Knight ×5 |
| 13:25 | Create | Knight ×5 |
| 13:25 | Create | Knight ×5 |
| 13:26 | Create | Knight ×5 |
| 13:26 | Create | Knight ×5 |
| 13:27 | Create | Knight ×5 |
| 13:27 | Create | Knight ×5 |
| 13:27 | Create | Knight ×5 |
| 13:27 | Create | Knight ×5 |
| 13:27 | Create | Knight ×5 |
| 13:28 | Create | Knight ×5 |
| 13:28 | Create | Knight ×5 |
| 13:28 | Create | Knight ×5 |
| 13:29 | Create | Knight ×5 |
| 13:29 | Create | Knight ×5 |
| 13:29 | Create | Knight ×5 |
| 14:11 | Create | Knight ×5 |
| 14:11 | Create | Knight ×5 |
| 14:11 | Create | Knight ×5 |
| 14:12 | Create | Knight ×5 |
| 14:46 | Create | Knight ×5 |
| 14:46 | Create | Knight ×5 |
| 14:47 | Create | Knight ×5 |
| 14:47 | Create | Knight ×5 |
| 14:47 | Create | Knight ×5 |
| 14:47 | Create | Knight ×5 |
| 14:48 | Create | Knight ×5 |
| 14:48 | Create | Knight ×5 |
| 14:48 | Create | Knight ×5 |
| 14:49 | Create | Knight ×5 |
| 14:49 | Create | Knight ×5 |
| 14:49 | Create | Knight ×5 |
| 14:49 | Create | Knight ×5 |
| 14:50 | Create | Knight ×5 |
| 14:50 | Create | Knight ×5 |
| 14:50 | Create | Knight ×5 |
| 14:51 | Create | Knight ×3 |
| 14:53 | Create | Knight ×5 |
| 14:53 | Create | Knight ×5 |
| 14:54 | Create | Knight ×5 |
| 14:54 | Create | Knight |
| 15:35 | Create | Knight ×5 |
| 15:35 | Create | Knight ×5 |
| 15:35 | Create | Knight ×5 |
| 15:36 | Create | Knight ×5 |
| 15:36 | Create | Knight ×5 |
Build order — XEVER | Peinatequevengo
52 actions detected in the replay
| 6:41 | Build | Stable |
| 7:20 | Build | Stable |
| 7:22 | Build | Stable |
| 7:23 | Build | Stable |
| 7:25 | Build | Stable |
| 9:17 | Research | Bloodlines |
| 9:18 | Research | Husbandry |
| 9:22 | Research | Chain Mail Armor |
| 9:22 | Research | Chain Barding Armor |
| 9:27 | Research | Ballistics |
| 10:37 | Build | Stable |
| 10:39 | Build | Stable |
| 10:41 | Build | Stable |
| 10:43 | Build | Stable |
| 10:44 | Build | Stable |
| 10:47 | Build | Stable |
| 10:50 | Build | Stable |
| 10:51 | Build | Stable |
| 10:53 | Build | Stable |
| 12:21 | Create | Knight ×5 |
| 12:21 | Create | Knight ×5 |
| 12:21 | Create | Knight ×5 |
| 12:22 | Create | Knight ×5 |
| 12:22 | Create | Knight ×5 |
| 12:23 | Create | Knight ×5 |
| 12:23 | Create | Knight ×5 |
| 12:23 | Create | Knight ×5 |
| 12:24 | Create | Knight ×5 |
| 12:24 | Create | Knight ×5 |
| 12:24 | Create | Knight ×5 |
| 13:41 | Create | Knight ×5 |
| 13:41 | Create | Knight ×5 |
| 13:42 | Create | Knight ×5 |
| 13:42 | Create | Knight ×5 |
| 13:42 | Create | Knight ×5 |
| 14:25 | Create | Knight ×5 |
| 14:26 | Create | Knight ×5 |
| 14:26 | Create | Knight ×5 |
| 14:26 | Create | Knight ×5 |
| 14:27 | Create | Knight ×5 |
| 14:27 | Create | Knight ×5 |
| 14:27 | Create | Knight ×5 |
| 15:13 | Create | Knight ×5 |
| 15:14 | Create | Knight ×5 |
| 15:14 | Create | Knight ×5 |
| 15:14 | Create | Knight ×5 |
| 15:15 | Create | Knight ×5 |
| 15:24 | Build | Stable |
| 15:26 | Build | Stable |
| 15:27 | Build | Stable |
| 15:29 | Build | Stable |
| 15:30 | Build | Stable |
Build order — Hugo Meche
7 actions detected in the replay
| 14:10 | Research | Iron Casting |
| 14:11 | Research | Chain Barding Armor |
| 14:11 | Research | Chain Mail Armor |
| 14:12 | Research | Leather Archer Armor |
| 14:13 | Research | Bodkin Arrow |
| 14:15 | Research | Ballistics |
| 14:16 | Research | Guard Tower (upgrade) |
Build order — k.N.D#7.0
8 actions detected in the replay
| 9:36 | Research | Szlachta Privileges |
| 9:41 | Research | Chain Mail Armor |
| 9:43 | Research | Chain Barding Armor |
| 9:44 | Research | Bodkin Arrow |
| 9:44 | Research | Leather Archer Armor |
| 9:49 | Research | Treadmill Crane |
| 9:50 | Research | Ballistics |
| 9:50 | Research | Guard Tower (upgrade) |
Build order — EncisoMx
0 actions detected in the replay
Build order — 12345
91 actions detected in the replay
| 4:02 | Build | Barracks |
| 4:04 | Build | Barracks |
| 4:26 | Build | Barracks |
| 5:00 | Build | Barracks |
| 5:06 | Build | Barracks |
| 5:35 | Build | Barracks |
| 5:37 | Build | Barracks |
| 5:40 | Build | Barracks |
| 6:25 | Build | Barracks |
| 6:47 | Build | Barracks |
| 7:30 | Build | Archery Range |
| 7:31 | Build | Archery Range |
| 8:13 | Build | Archery Range |
| 8:15 | Build | Archery Range |
| 9:27 | Build | Archery Range |
| 10:37 | Build | Barracks |
| 10:39 | Build | Barracks |
| 10:42 | Build | Stone Wall |
| 10:54 | Build | Barracks |
| 10:56 | Build | Barracks |
| 10:57 | Build | Barracks |
| 10:59 | Build | Stone Wall |
| 11:04 | Build | Stone Wall |
| 11:22 | Build | Stone Wall |
| 11:24 | Build | Stone Wall |
| 12:22 | Build | Barracks |
| 12:35 | Build | Watch Tower |
| 12:36 | Build | Watch Tower |
| 12:36 | Build | Watch Tower |
| 12:37 | Build | Watch Tower |
| 12:37 | Build | Watch Tower |
| 12:56 | Build | Watch Tower |
| 12:57 | Build | Watch Tower |
| 12:58 | Build | Watch Tower |
| 13:26 | Build | Stone Wall |
| 13:28 | Build | Stone Wall |
| 13:30 | Research | Pikeman (upgrade) |
| 13:30 | Research | Arson |
| 13:31 | Research | Eagle Warrior (upgrade) |
| 13:31 | Research | Eagle Warrior (upgrade) |
| 13:33 | Create | Spearman ×5 |
| 13:33 | Create | Spearman ×5 |
| 13:33 | Create | Spearman ×5 |
| 13:34 | Create | Spearman ×5 |
| 13:34 | Create | Spearman ×5 |
| 13:34 | Create | Spearman ×5 |
| 13:35 | Research | Crossbowman (upgrade) |
| 13:36 | Research | Elite Skirmisher (upgrade) |
| 13:37 | Create | Archer ×5 |
| 13:37 | Create | Archer ×5 |
| 13:38 | Create | Archer ×5 |
| 13:38 | Create | Archer ×5 |
| 13:38 | Create | Archer ×5 |
| 13:40 | Research | Atlatl |
| 13:43 | Build | Stone Wall |
| 13:45 | Build | Stone Wall |
| 13:47 | Build | Stone Wall |
| 13:50 | Build | Stone Wall |
| 13:57 | Build | Stone Wall |
| 14:05 | Build | Stone Wall |
| 14:12 | Research | Treadmill Crane |
| 14:14 | Research | Bodkin Arrow |
| 14:14 | Research | Leather Archer Armor |
| 14:15 | Research | Iron Casting |
| 14:15 | Research | Chain Mail Armor |
| 14:17 | Research | Ballistics |
| 14:18 | Research | Guard Tower (upgrade) |
| 14:18 | Research | Tech 908 |
| 14:19 | Research | Careening |
| 14:22 | Create | Spearman ×5 |
| 14:22 | Create | Spearman ×5 |
| 14:23 | Create | Spearman ×5 |
| 14:23 | Create | Spearman ×5 |
| 14:23 | Create | Spearman ×5 |
| 14:24 | Research | Long Swordsman (upgrade) |
| 14:25 | Research | Gambesons |
| 14:36 | Build | Stone Wall |
| 14:39 | Build | Stone Wall |
| 14:50 | Build | Watch Tower |
| 14:52 | Build | Watch Tower |
| 14:52 | Build | Watch Tower |
| 14:54 | Create | Spearman ×5 |
| 14:54 | Create | Spearman ×5 |
| 14:55 | Create | Spearman ×5 |
| 14:55 | Create | Spearman ×5 |
| 14:55 | Create | Spearman ×5 |
| 14:56 | Create | Spearman ×5 |
| 14:56 | Create | Spearman ×5 |
| 15:00 | Create | Spearman |
| 15:11 | Create | Spearman ×3 |
| 15:12 | Create | Spearman |
Match timeline
| 4:02 | 12345 · first_building Barracks |
| 4:07 | [M8]Iggles · first_building Archery Range |
| 4:14 | [M8]Iggles · first_building Barracks |
| 6:41 | XEVER | Peinatequevengo · first_building Stable |
| 7:02 | [VCry]®NAVI_ · first_building Stable |
| 7:30 | [VCry]®NAVI_ · first_building Archery Range |
| 7:30 | 12345 · first_building Archery Range |
| 10:42 | 12345 · wall_segment Stone Wall x1 |
| 10:59 | 12345 · wall_segment Stone Wall x1 |
| 11:04 | 12345 · wall_segment Stone Wall x5 |
| 11:22 | 12345 · wall_segment Stone Wall x1 |
| 11:24 | 12345 · wall_segment Stone Wall x1 |
| 11:44 | [VCry]Cas_Col · first_building Stable |
| 12:56 | [M8]Iggles · first_building Stable |
| 13:26 | 12345 · wall_segment Stone Wall x1 |
| 13:28 | 12345 · wall_segment Stone Wall x1 |
| 13:43 | 12345 · wall_segment Stone Wall x1 |
| 13:45 | 12345 · wall_segment Stone Wall x1 |
| 13:47 | 12345 · wall_segment Stone Wall x1 |
| 13:50 | 12345 · wall_segment Stone Wall x2 |
| 13:57 | 12345 · wall_segment Stone Wall x1 |
| 14:05 | 12345 · wall_segment Stone Wall x1 |
| 14:36 | 12345 · wall_segment Stone Wall x1 |
| 14:39 | 12345 · wall_segment Stone Wall x1 |
| 15:14 | Hugo Meche · resign |
[ AI ANALYSIS · 1 CREDIT ]
What really happened in this match?
Wolo.gg analyzes every decision: build order, eco, micro, common mistakes by bracket. Personalized analysis on WhatsApp or Discord in 30 seconds.
Civ guide
Vikings
Map guide
CBA_=REQUIEM=_V292 (Scenario)
Perfil
[M8]Iggles